 Dungeon Crawl Stone Soup version 0.20-a0-1089-g3fde505 (webtiles) character file.

17227 JeffiDaFish the Blocker (level 12, 0/82 HPs)
             Began as a Gargoyle Fighter on May 2, 2017.
             Was a High Priest of Okawaru.
             Slain by a freezing wraith (8 damage)
             ... on level 3 of the Lair of Beasts.
             The game lasted 00:44:15 (12420 turns).

JeffiDaFish the Blocker (Gargoyle Fighter)         Turns: 12420, Time: 00:44:16

Health: 0/82       AC: 29    Str: 22    XL:     12   Next: 45%
Magic:  12/12      EV:  6    Int:  8    God:    Okawaru [*****.]
Gold:   194        SH: 19    Dex: 19    Spells: 11/11 levels left

rFire    + + .     SeeInvis .   u - +4 flail
rCold    . . .     Gourm    .   y - +0 large shield {rN+}
rNeg     + + .     Faith    .   w - +0 plate armour
rPois    ∞         Spirit   .   l - +1 hat
rElec    +         Reflect  .   a - +0 cloak
rCorr    .         Harm     .   n - +1 pair of gloves {Dex+3}
MR       .....                  v - +0 pair of boots
Stlth    ..........             (no amulet)
Regen    0.3/turn               e - ring of protection from fire
MPRegen  0.2/turn               j - +3 ring of dexterity

@: slowed, very slow
A: fire resistance 1, negative energy resistance 1, robust 1, electricity
resistance, wild magic 1, unbreathing, petrification resistance, rot immunity,
MP-powered wands, AC +8
a: Heroism, Finesse, Renounce Religion


You were on level 3 of the Lair of Beasts.
You worshipped Okawaru.
Okawaru was extremely pleased with you.
You were not hungry.

You visited 3 branches of the dungeon, and saw 12 of its levels.
You also visited: Sewer and Ice Cave.

You collected 441 gold pieces.
You spent 247 gold pieces at shops.

Inventory:

Hand Weapons
 u - a +4 flail (weapon)
Armour
 a - a +0 cloak (worn)
 l - a +1 hat (worn)
 n - a +1 pair of gloves of dexterity (worn)
 v - a +0 pair of boots (worn)
 w - a +0 plate armour (worn)
 y - a +0 large shield of positive energy (worn)
Jewellery
 e - a ring of protection from fire (left hand)
 j - a +3 ring of dexterity (right hand)
Wands
 A - a wand of scattershot (3/9)
Scrolls
 c - 3 scrolls of remove curse
 k - 6 scrolls of teleportation
 o - 2 scrolls of recharging
 r - 3 scrolls of fog
 s - 10 scrolls of identify
 t - 2 scrolls of fear
 x - 3 scrolls of blinking
Potions
 d - a potion of curing
 g - 2 potions of flight
 p - 7 potions of brilliance
 q - a potion of magic
Books
 z - a book of Callings

   Spells                             Type                      Level
   a - Summon Small Mammal            Summoning                    1
   b - Call Imp                       Summoning                    2
   c - Call Canine Familiar           Summoning                    3
   d - Summon Guardian Golem          Hexes/Summoning              3
   e - Summon Lightning Spire         Summoning/Air                4
   f - Summon Ice Beast               Ice/Summoning                4
Comestibles
 b - 5 royal jellies
 f - 7 bread rations
 h - 6 fruits
 i - 7 meat rations


   Skills:
 + Level 8.8 Fighting
 + Level 12.3 Maces & Flails
 + Level 8.9 Armour
 + Level 2.7 Dodging
 + Level 1.9 Stealth
 + Level 12.4 Shields
 + Level 0.3 Evocations


You had 11 spell levels left.
You didn't know any spells.

Dungeon Overview and Level Annotations

Branches:
Dungeon (8/15)             Temple (1/1) D:6            Lair (3/6) D:8
  Swamp: Lair:2-4    Shoals: Lair:2-4     Snake: Lair:2-4    Spider: Lair:2-4

Altars:
Cheibriados
Dithmenos
Gozag
Hepliaklqana
Kikubaaqudgha
Makhleb
Nemelex Xobeh
Okawaru
Qazlal
Ru
Sif Muna
Trog
Wu Jian
Xom
Yredelemnul
Zin
The Shining One

Shops:
D:2 *   D:7 [   D:8 :


Innate Abilities, Weirdness & Mutations

You are resistant to torment.
Your stone body is resilient. (AC +8)
You are immune to poison.
You resist negative energy. (rN+)
You are resistant to electric shocks. (rElec)
You can survive without breathing.
You are immune to petrification.
You are immune to rotting.
Your flesh is heat resistant. (rF+)
You are robust. (+10% HP)
Your spells are a little harder to cast, but a little more powerful.
You expend magic power (3 MP) to strengthen your wands.


Message History

The puff of frost hits you!
The white imp lashes its tail.
There is an ice choked empty arch of ancient stone here.
There is an ice covered gate leading back out of this place here.
You block the freezing wraith's attack. The freezing wraith barely misses you.
The freezing wraith hits you but does no damage.
You block the freezing wraith's attack.
Welcome back to the Lair of Beasts!
There is a collapsed entrance here.
You block the freezing wraith's attack. x2
You block the freezing wraith's attack. The freezing wraith hits you.
* * * LOW HITPOINT WARNING * * *
The freezing wraith drains your vigour!
You feel yourself slow down.
The freezing wraith hits you but does no damage.
The freezing wraith hits you.
* * * LOW HITPOINT WARNING * * *
The freezing wraith hits you!
* * * LOW HITPOINT WARNING * * *
The freezing wraith freezes you!
You die...

.....♣ ♣.....###......##
.....♣ ♣♣.#.###.......#
.....♣ ♣....# ##......##
.....♣♣ ♣♣.#### ###.....#
......♣♣♣♣..#########....##
.........#..##.....##.....#
..........+###.....##.....#
............##.WW..##.....#
(.P.........##..@..##....##
............####.#####P..#
........#...# ##.## ###.##
............# #...# ##..#
............###+#'# #..##
......#..P.#.#..P.# #P.†#
........# ##..## ........##
##....# .##......# #...###


You could see 2 freezing wraiths.

Vanquished Creatures
  2 two-headed ogres (D:8)
  The ghost of
  31503 the Spear-Bearer, a novice CeBe of Trog (D:7)
  2 black mambas
  6 spiny frogs
  A rime drake (Lair:3)
  8 freezing wraiths (IceCv)
  2 ice devils (Lair:3)
  A komodo dragon (Lair:1)
  2 trolls (D:8)
  Grinder (D:5)
  8 blink frogs (Lair:2)
  2 hippogriffs
  A human (D:7)
  A death yak simulacrum (IceCv)
  A hungry ghost (D:8)
  2 water moccasins
  5 porcupines
  A phantom (D:6)
  A sky beast (D:6)
  4 orc warriors
  8 ice beasts
  2 black bears
  7 ogres
  9 wolves
  2 centaurs
  7 crocodiles
  2 big kobolds
  Blork the orc (D:5)
  7 bullfrogs
  A wyvern skeleton (D:6)
  2 scorpions
  An elephant simulacrum (IceCv)
  6 electric eels (D:8)
  4 howler monkeys
  A crimson imp (D:8)
  A bullfrog zombie (D:3)
  A centaur zombie (D:7)
  11 hounds
  2 jellies (D:7)
  11 orc wizards
  6 orc priests
  Ijyb (D:3)
  Jessica (D:3)
  A centaur skeleton (D:8)
  A gnoll shaman (D:4)
  2 iguanas (D:7)
  5 worker ants
  Terence (D:3)
  2 wolf simulacra (IceCv)
  A hound zombie (D:5)
  A worker ant zombie (D:5)
  13 gnolls
  16 adders
  8 river rats (Sewer)
  A shadow imp (D:5)
  5 white imps (IceCv)
  2 oozes
  2 adder skeletons
  2 dart slugs
  2 worms
  3 leopard geckos
  28 orcs
  8 giant cockroaches
  15 goblins
  6 hobgoblins
  15 jackals
  3 quokkas
  11 ball pythons
  9 bats
  7 frilled lizards
  A goblin skeleton (D:7)
  2 jackal zombies
  11 kobolds
  30 rats
360 creatures vanquished.

Vanquished Creatures (others)
  14 fungi (D:4)
14 creatures vanquished.

Grand Total: 374 creatures vanquished

Notes
Turn   | Place    | Note
-------+----------+-------------------------------------------
     0 | D:1      | JeffiDaFish the Gargoyle Fighter began the quest for the Orb.
     0 | D:1      | Reached XP level 1. HP: 14/14 MP: 1/1
   114 | D:1      | Reached XP level 2. HP: 17/19 MP: 2/2
   375 | D:1      | Reached XP level 3. HP: 23/23 MP: 3/3
   814 | D:2      | Found Zin's Purification Station.
   817 | D:2      | Found a glowing silver altar of Zin.
  1301 | D:2      | Reached XP level 4. HP: 29/29 MP: 4/4
  1511 | D:3      | Noticed Terence
  1538 | D:3      | Killed Terence
  1538 | D:3      | Reached skill level 1 in Dodging
  1538 | D:3      | Reached XP level 5. HP: 30/33 MP: 5/5
  1623 | D:3      | Noticed Jessica
  1631 | D:3      | Killed Jessica
  1724 | D:3      | Reached XP level 6. HP: 37/38 MP: 6/6
  1746 | D:3      | Noticed Ijyb
  1768 | D:3      | Killed Ijyb
  1843 | D:3      | Found a glowing drain.
  1869 | Sewer    | Entered a sewer
  2279 | Sewer    | Reached XP level 7. HP: 24/43 MP: 7/7
  2295 | Sewer    | Reached skill level 5 in Shields
  2297 | Sewer    | Reached skill level 5 in Maces & Flails
  2620 | D:3      | Gained mutation: You expend magic power (3 MP) to strengthen your wands. [potion of mutation]
  2620 | D:3      | Gained mutation: Your flesh is heat resistant. (rF+) [potion of mutation]
  2620 | D:3      | Gained mutation: You are robust. (+10% HP) [potion of mutation]
  2620 | D:3      | Gained mutation: Your spells are a little harder to cast, but a little more powerful. [potion of mutation]
  3377 | D:4      | Reached skill level 5 in Armour
  3582 | D:4      | Reached XP level 8. HP: 52/52 MP: 8/8
  3761 | D:4      | Found an opulent altar of Gozag.
  3983 | D:4      | Found a burning altar of Makhleb.
  3985 | D:4      | Noticed a green death
  4016 | D:4      | Reached skill level 1 in Stealth
  4352 | D:5      | Entered Level 5 of the Dungeon
  4352 | D:5      | Noticed Blork the orc
  4366 | D:5      | Killed Blork the orc
  4394 | D:5      | Noticed Grinder
  4409 | D:5      | Paralysed by Grinder for 6 turns
  4425 | D:5      | Killed Grinder
  4425 | D:5      | Reached skill level 5 in Fighting
  4632 | D:5      | Reached XP level 9. HP: 51/59 MP: 9/9
  4749 | D:5      | Noticed a moth of wrath
  4751 | D:5      | Found a bloodstained altar of Trog.
  5463 | D:6      | Found a shimmering altar of Xom.
  5633 | D:6      | Found a staircase to the Ecumenical Temple.
  5702 | Temple   | Entered the Ecumenical Temple
  5774 | Temple   | Became a worshipper of Warmaster Okawaru
  6730 | D:7      | Reached * piety under Okawaru
  6756 | D:7      | Found Zinah's Antique Armour Emporium.
  6767 | D:7      | Bought a runed large shield for 247 gold pieces
  6814 | D:7      | Noticed 31503's ghost (novice CeBe)
  6836 | D:7      | Killed 31503's ghost
  6836 | D:7      | Reached ** piety under Okawaru
  6836 | D:7      | Reached XP level 10. HP: 59/67 MP: 10/10
  6865 | D:7      | Reached skill level 10 in Maces & Flails
  6974 | D:7      | Found a runed door.
  6977 | D:7      | Found a basalt altar of Yredelemnul.
  7222 | D:7      | Reached *** piety under Okawaru
  7562 | D:8      | Found a staircase to the Lair.
  8155 | D:8      | Reached **** piety under Okawaru
  8463 | D:8      | Noticed a two-headed ogre
  8471 | D:8      | Killed a two-headed ogre
  8471 | D:8      | Reached XP level 11. HP: 55/73 MP: 11/11
  8502 | D:8      | Noticed a two-headed ogre
  8512 | D:8      | Killed a two-headed ogre
  9135 | D:8      | Found Unogimos's Book Shop.
  9344 | Lair:1   | Entered Level 1 of the Lair of Beasts
  9384 | Lair:1   | Reached ***** piety under Okawaru
  9818 | Lair:1   | Reached skill level 10 in Shields
 10251 | Lair:2   | Received a gift from Okawaru
 10887 | Lair:2   | Reached XP level 12. HP: 69/82 MP: 12/12
 11435 | Lair:3   | Found a frozen archway.
 11582 | IceCv    | Entered an ice cave
 11752 | IceCv    | Received a gift from Okawaru
 12313 | IceCv    | Found an ancient bone altar of Kikubaaqudgha.
 12420 | Lair:3   | Slain by a freezing wraith

Vault maps used:
D:1:      dpeg_arrival_arbitrary_b
D:2:      zin_purify
D:3:      serial_corexii_hall, corexii_hall_statues_x,
          corexii_hall_statues_deadend, portal_sewer_entry_d,
          serial_park_tiny_1, kennysheep_jessica_study, uniq_ijyb, uniq_terence
D:4:      makhleb_altar_promises_db, serial_aquarium,
          aquarium_bridge_long_joined, aquarium_bridge_straight,
          aquarium_window_corner, aquarium_window_fake, aquarium_window_2,
          aquarium_view_2b, aquarium_balcony_3b, lemuel_tele_altar
D:5:      tgw_trog, first_bread, uniq_grinder, uniq_blork_the_orc
D:6:      nicolae_overflow_crystal_walls, minmay_temple_entry_large_hall
D:7:      serial_shops, nicolae_shop_overgrown_old_shop, dk_yredelemnul_ordeal
D:8:      erik_lair_island, serial_shops, shop
Temple:   dpeg_five_rooms_temple
Lair:2:   beast_lair_carwin_1, infiniplex_staircase_pool_2
Lair:3:   nicolae_swamp_entry_splash_gauntlet,
          nicolae_spider_entry_tight_spaces, portal_ice_cave_demonic_guard
Sewer:    sewer_minmay_w
IceCv:    ice_cave_small_necro

Skill      XL: |  1  2  3  4  5  6  7  8  9 10 11 12 |
---------------+-------------------------------------+-----
Maces & Flails | 3 4 5 7 9 11 12 | 12.3
Dodging        | 1 2 |  2.7
Shields        | 4 5 6 7 8 11 12 | 12.4
Armour         | 4 5 6 7 8 |  8.9
Fighting       | 4 5 6 7 8 |  8.8
Stealth        | 1 |  1.9
Evocations     | |  0.3

Action                   |  1- 3 |  4- 6 |  7- 9 | 10-12 || total
-------------------------+-------+-------+-------+-------++-------
Melee: Flail             |   143 |   326 |   465 |   835 ||  1769
Evoke: Wand              |       |       |       |     3 ||     3
  Use: Potion            |     4 |     3 |     4 |     9 ||    20
       Scroll            |     4 |     4 |     6 |     4 ||    18
  Eat: Chunk             |     2 |     4 |    15 |    17 ||    38
       Fruit             |       |       |       |     1 ||     1
       Meat ration       |       |       |       |     1 ||     1
Armor: Scale mail        |    89 |    36 |       |       ||   125
       Chain mail        |       |   200 |   205 |       ||   405
       Plate armour      |       |       |    54 |   439 ||   493
Dodge: Dodged            |    52 |   102 |    91 |   136 ||   381
Block: Shield            |    98 |   238 |   250 |       ||   586
       Large shield      |       |       |    11 |   815 ||   826
